 Dungeon Crawl Stone Soup version 0.31-a0-152-g6aa68a64a1 (webtiles) character file.

Game seed: 16656569730490659177

5558 zazu2006 the Thrower (level 10, -5/76 HPs)
             Began as a Gnoll Wanderer on June 9, 2023.
             Was a Believer of Vehumet.
             Slain by a killer bee (9 damage)
             ... on level 9 of the Dungeon.
             The game lasted 00:22:29 (10016 turns).

zazu2006 the Thrower (Gnoll Wanderer)              Turns: 10016, Time: 00:22:30

Health: -5/76      AC:  3    Str: 17    XL:     10   Next: 71%
Magic:  18/18      EV: 15    Int: 11    God:    Vehumet [**....]
Gold:   309        SH:  0    Dex: 17    Spells: 18/20 levels left

rFire   . . .        h - +1 spear (flame)
rCold   . . .        K - sphere of Battle
rNeg    . . .        i - +0 leather armour
rPois   .            (no helmet)
rElec   .            (no cloak)
rCorr   .            (no gloves)
SInv    +            (no boots)
Will    .....        F - amulet of magic regeneration
Stlth   +++          p - ring of see invisible
HPRegen 0.32/turn    O - +6 ring of strength
MPRegen 0.56/turn

%: no passive effects
@: lethally poisoned (-5 -> -6), about to teleport, attractive, slowed, very
slow
A: fangs 1, strong nose, distributed training
a: Renounce Religion


You were on level 9 of the Dungeon.
You worshipped Vehumet.
Vehumet was pleased with you.
You visited 2 branches of the dungeon, and saw 10 of its levels.

You collected 329 gold pieces.
You spent 20 gold pieces at shops.

Inventory:

Hand Weapons
 a - a +0 short sword
 h - a +1 spear of flaming (weapon)
 A - a +2 flail of protection
 Q - a +4 falchion
Missiles
 c - 11 poisoned darts (quivered)
 m - 6 javelins
 B - 3 throwing nets
 J - a curare-tipped dart
Armour
 b - a +0 buckler of protection
 f - a +0 robe
 i - a +0 leather armour (worn)
 K - the sphere of Battle (worn)
   (You found it on level 8 of the Dungeon)

   It enhances your destructive magic.
   It weakens your non-destructive magic.
   It summons a battlesphere in combat, with strength depending on Conjurations
   skill.
 P - the +4 ring mail "Heiceuh" {rC+ Str-4 Int+2 Slay+2}
   (You found it on level 8 of the Dungeon)

   Str:       It affects your strength (-4).
   Int:       It affects your intelligence (+2).
   Slay:      It affects your accuracy & damage with ranged weapons and melee
   (+2).
   rC:        It protects you from cold.
Jewellery
 p - a ring of see invisible (left hand)
 F - an amulet of magic regeneration (around neck)
 O - a +6 ring of strength (right hand)
Wands
 E - a wand of iceblast (4)
 M - a wand of acid (6)
 N - a wand of flame (16)
Scrolls
 g - a scroll of torment {unknown}
 j - a scroll of amnesia {unknown}
 k - a scroll of brand weapon {unknown}
 n - 2 scrolls of magic mapping {unknown}
 v - 2 scrolls of fog
 w - 3 scrolls of vulnerability
 y - a scroll of enchant weapon {unknown}
 z - 13 scrolls of identify
 C - 3 scrolls of poison {unknown}
 G - a scroll of noise
 H - 2 scrolls of fear {unknown}
 I - a scroll of enchant armour {unknown}
 L - a scroll of immolation {unknown}
Potions
 d - a potion of ambrosia
 e - a potion of mutation
 l - 3 potions of attraction
 o - 4 potions of curing
 q - 2 potions of might {unknown}
 r - 2 potions of degeneration {unknown}
 u - 3 potions of brilliance {unknown}
 x - a potion of magic {unknown}
 D - 3 potions of berserk rage {unknown}
 R - a potion of invisibility {unknown}


   Skills:
 + Level 5.7 Fighting
 + Level 7.4 Short Blades
 + Level 5.7 Long Blades
 + Level 5.7 Axes
 + Level 5.7 Maces & Flails
 + Level 5.7 Polearms
 + Level 5.7 Staves
 + Level 5.7 Ranged Weapons
 + Level 8.8 Throwing
 + Level 5.7 Armour
 + Level 6.3 Dodging
 + Level 6.2 Stealth
 + Level 7.4 Shields
 + Level 5.7 Unarmed Combat
 + Level 5.7 Spellcasting
 + Level 4.7 Conjurations
 + Level 4.7 Hexes
 + Level 4.7 Summonings
 + Level 4.7 Necromancy
 + Level 4.7 Translocations
 + Level 4.7 Transmutations
 + Level 4.7 Fire Magic
 + Level 4.7 Ice Magic
 + Level 4.7 Air Magic
 + Level 4.7 Earth Magic
 + Level 4.7 Poison Magic
 + Level 6.3 Invocations
 + Level 6.3 Evocations


You had 18 spell levels left.
You knew the following spells:

 Your Spells              Type           Power      Damage    Failure   Level
a - Sting                 Tmut/Pois      24%        1d4       3%          1
b - Foxfire               Conj/Fire      80%        2x1d8     3%          1

Your spell library contained the following spells:

 Spells                   Type           Power      Damage    Failure   Level
 Searing Ray              Conj           40%        2d5       4%          2
 Poisonous Vapours        Pois/Air       40%        N/A       4%          2
 Static Discharge         Conj/Air       40%        2-4/arc   4%          2
 Sublimation of Blood     Necr           6%         N/A       4%          2
 Wereblood                Tmut           6%         N/A       4%          2
 Ozocubu's Armour         Ice            6%         N/A       10%         3
 Volatile Blastmotes      Fire/Tloc      40%        2d13      10%         3
 Airstrike                Air            10%        2d(2-18)  32%         4
 Fulminant Prism          Conj/Hex       10%        3d9       32%         4
 Iskenderun's Mystic Bla  Conj/Tloc      20%        2d6       32%         4
 Olgreb's Toxic Radiance  Pois           20%        N/A       32%         4
 Petrify                  Tmut/Erth      6%         N/A       32%         4
 Summon Lightning Spire   Summ/Air       6%         N/A       32%         4
 Lee's Rapid Deconstruct  Erth           10%        3d8*      67%         5
 Metabolic Englaciation   Hex/Ice        3%         N/A       67%         5
 Simulacrum               Ice/Necr       3%         N/A       99%         6
 Statue Form              Tmut/Erth      4%         N/A       99%         6
 Summon Hydra             Summ           3%         N/A       100%        7


Dungeon Overview and Level Annotations

Branches:
Dungeon (9/15)             Temple (1/1) D:6
   Lair: D:8-11         Orc: D:9-12

Altars:
Ashenzari
Cheibriados
Dithmenos
Elyvilon
Fedhas
Gozag
Hepliaklqana
Kikubaaqudgha
Makhleb
Nemelex Xobeh
Okawaru
Qazlal
Ru
Sif Muna
Trog
Uskayaw
Vehumet
Wu Jian
Xom
Yredelemnul
Zin
The Shining One

Shops:
D:4 *

Annotations:
D:8 2 transporters, iguanaiguana's ghost, novice DEDe


Innate Abilities, Weirdness & Mutations

You have very sharp teeth.
Your uncanny sense of smell can sniff out nearby items.
Your experience applies equally to all skills.


Message History

* * * LOW HITPOINT WARNING * * *
Unknown command.
Unknown command.
Blink to where?
Press: ? - help, Dir - move target
As you read the scroll of blinking, it crumbles to dust.
* * * LOW HITPOINT WARNING * * *
You feel extremely sick. Something hits your battlesphere.
Your magical contamination has completely faded away.
Unknown command.
It was a potion of attraction.
You feel attractive to monsters.
* * * LOW HITPOINT WARNING * * *
You feel very sick.
The killer bee is attracted toward you. x3; The kobold is attracted toward you.
The yak is attracted toward you.
Blink to where?
Press: ? - help, Dir - move target
As you read the scroll of blinking, it crumbles to dust.
* * * LOW HITPOINT WARNING * * *
You feel very sick.
The killer bee is attracted toward you. x3
It was a potion of curing.
You feel better. The killer bee completely misses you.
The killer bee stings you.
* * * LOW HITPOINT WARNING * * *
You are poisoned.
The killer bee poisons you!
The killer bee stings you but does no damage.
The killer bee closely misses you. The kobold is attracted toward you.
The killer bee attacks as you move away!
The killer bee barely misses you.
You feel sick. The killer bee stings you.
* * * LOW HITPOINT WARNING * * *
The killer bee stings something!
As you read the scroll of teleportation, it crumbles to dust.
You feel strangely unstable.
You conjure a globe of magical energy.
You feel sick. The killer bee stings you.
* * * LOW HITPOINT WARNING * * *
The killer bee barely misses you. x2; The killer bee stings you!
You die...

.. ∆ #....§..# .#.........)
........§.)# .#.........(
........§..# ..#..........
...........# .............
.........K.# .##...........
.........*.##.##...........
.........y.K..##...........
###...#####y#########......
#*.@y.......
................
...###.......... .
........... ............
.............
..............
..............


You could see 2 killer bees, a kobold and a friendly battlesphere.

Vanquished Creatures
  2 tengu conjurers (D:8)
  A hornet (D:8)
  Prince Ribbit (D:8)
  4 yaks
  Sigmund (D:5)
  A shadow (D:6)
  Grum (D:8)
  2 steam dragons
  A wyvern (D:8)
  2 vampire mosquitoes (D:7)
  Duvessa (D:5)
  An orc warrior (D:8)
  A black bear (D:5)
  2 ice beasts
  3 wolves (D:8)
  An ogre (D:6)
  A centaur (D:4)
  A phantom (D:5)
  3 kobold brigands
  A bullfrog (D:8)
  A gnoll sergeant (D:9)
  6 scorpions
  3 wights (D:9)
  Dowan (D:5)
  2 howler monkeys (D:9)
  An electric eel (D:9)
  5 hounds
  2 jellies
  5 orc priests
  A sleepcap (D:5)
  6 iguanas
  6 orc wizards
  9 adders
  12 gnolls
  2 shadow imps
  A white imp (D:8)
  2 dart slugs
  27 orcs
  5 ball pythons
  5 bats
  9 endoplasms
  13 giant cockroaches
  9 goblins
  9 hobgoblins
  12 jackals
  17 kobolds
  5 quokkas
  4 frilled lizards
  8 rats
219 creatures vanquished.

Vanquished Creatures (others)
  An orc wizard (D:8)
  101 foxfires
102 creatures vanquished.

Grand Total: 321 creatures vanquished

Notes
Turn   | Place    | Note
-------+----------+-------------------------------------------
     0 | D:1      | zazu2006 the Gnoll Wanderer began the quest for the Orb.
     0 | D:1      | zazu2006 set off with the following items: a +0 short
                  | sword, a +0 buckler of protection, 7 poisoned darts, a +0
                  | dagger, a potion of mutation, a +0 robe.
     0 | D:1      | Reached XP level 1. HP: 13/13 MP: 1/1
     0 | D:1      | Noticed a jelly
     1 | D:1      | Found a runed translucent door.
   109 | D:1      | Reached XP level 2. HP: 19/19 MP: 2/2
   485 | D:1      | Reached XP level 3. HP: 25/25 MP: 3/3
   780 | D:1      | Reached skill level 1 in Invocations
   968 | D:1      | Reached skill level 1 in Fighting
   968 | D:1      | Reached skill level 1 in Long Blades
   968 | D:1      | Reached skill level 1 in Axes
   968 | D:1      | Reached skill level 1 in Maces & Flails
   968 | D:1      | Reached skill level 1 in Polearms
   968 | D:1      | Reached skill level 1 in Staves
   968 | D:1      | Reached skill level 1 in Ranged Weapons
   968 | D:1      | Reached skill level 1 in Armour
   968 | D:1      | Reached skill level 1 in Unarmed Combat
   968 | D:1      | Reached skill level 1 in Spellcasting
   989 | D:1      | Reached XP level 4. HP: 31/32 MP: 5/5
  1020 | D:2      | Reached skill level 1 in Conjurations
  1020 | D:2      | Reached skill level 1 in Hexes
  1020 | D:2      | Reached skill level 1 in Summonings
  1020 | D:2      | Reached skill level 1 in Necromancy
  1020 | D:2      | Reached skill level 1 in Translocations
  1020 | D:2      | Reached skill level 1 in Transmutations
  1020 | D:2      | Reached skill level 1 in Fire Magic
  1020 | D:2      | Reached skill level 1 in Ice Magic
  1020 | D:2      | Reached skill level 1 in Air Magic
  1020 | D:2      | Reached skill level 1 in Earth Magic
  1020 | D:2      | Reached skill level 1 in Poison Magic
  1168 | D:2      | Reached XP level 5. HP: 29/37 MP: 5/7
  1790 | D:3      | Found a shimmering altar of Xom.
  2188 | D:3      | Found a shimmering blue altar of Sif Muna.
  2289 | D:3      | Reached XP level 6. HP: 39/44 MP: 8/8
  2614 | D:4      | Reached skill level 5 in Short Blades
  2614 | D:4      | Reached skill level 5 in Shields
  3026 | D:4      | Found a sparkling altar of Nemelex Xobeh.
  3036 | D:4      | Found Cixkur's General Store.
  3043 | D:4      | Bought a scroll of identify for 20 gold pieces
  3081 | D:4      | Reached skill level 7 in Throwing
  3081 | D:4      | Reached XP level 7. HP: 36/50 MP: 10/10
  3319 | D:5      | Entered Level 5 of the Dungeon
  3497 | D:5      | Noticed Duvessa
  3498 | D:5      | Noticed Dowan
  3535 | D:5      | Killed Duvessa
  3541 | D:5      | Killed Dowan
  3601 | D:5      | Noticed Sigmund
  3614 | D:5      | Killed Sigmund
  3998 | D:5      | Reached XP level 8. HP: 58/58 MP: 12/12
  5428 | D:6      | Reached XP level 9. HP: 62/65 MP: 14/14
  5467 | D:6      | Learned a level 1 spell: Sting
  5526 | D:6      | Found a staircase to the Ecumenical Temple.
  5629 | Temple   | Entered the Ecumenical Temple
  6223 | D:6      | Reached skill level 5 in Dodging
  6223 | D:6      | Reached skill level 5 in Evocations
  6364 | D:6      | Found a bloodstained altar of Trog.
  6731 | D:7      | Found an opulent altar of Gozag.
  6971 | D:7      | Reached skill level 5 in Stealth
  7073 | D:7      | Reached skill level 8 in Throwing
  7220 | D:7      | Found a radiant altar of Vehumet.
  7263 | D:7      | Became a worshipper of Vehumet
  7564 | D:7      | Reached skill level 5 in Invocations
  7826 | D:8      | Found a transporter.
  7835 | D:8      | Noticed Prince Ribbit
  7862 | D:8      | Killed Prince Ribbit
  7991 | D:8      | Identified the +4 ring mail "Heiceuh" {rC+ Str-4 Int+2
                  | Slay+2}
  8330 | D:6      | Reached skill level 5 in Fighting
  8330 | D:6      | Reached skill level 5 in Long Blades
  8330 | D:6      | Reached skill level 5 in Axes
  8330 | D:6      | Reached skill level 5 in Maces & Flails
  8330 | D:6      | Reached skill level 5 in Polearms
  8330 | D:6      | Reached skill level 5 in Staves
  8330 | D:6      | Reached skill level 5 in Ranged Weapons
  8330 | D:6      | Reached skill level 5 in Armour
  8330 | D:6      | Reached skill level 5 in Unarmed Combat
  8330 | D:6      | Reached skill level 5 in Spellcasting
  8330 | D:6      | Reached XP level 10. HP: 7/74 MP: 17/17
  8903 | D:8      | Found a transporter.
  8907 | D:8      | Noticed iguanaiguana's ghost (novice DEDe)
  8908 | D:8      | Noticed a moth of wrath
  8997 | D:8      | Reached * piety under Vehumet
  8997 | D:8      | Offered knowledge of Foxfire by Vehumet.
  9183 | D:8      | Found the sphere of Battle
  9283 | D:8      | Noticed Grum
  9311 | D:8      | Learned a level 1 spell: Foxfire
  9336 | D:8      | Killed Grum
 10007 | D:9      | Reached ** piety under Vehumet
 10007 | D:9      | Offered knowledge of Searing Ray by Vehumet.
 10016 | D:9      | Slain by a killer bee

Illustrated notes

Levels and vault maps discovered:
D:1:      dpeg_arrival_caged_fury, layout_loops_corners,
          nicolae_concentric_dashed_squares_wild, hangedman_decor_push,
          minmay_tromino_i2
D:2:      layout_loops_ring, hex_tiny, eino_tiny_chamber, bh_walls_and_bars
D:3:      layout_rooms, xom_confusion_cloud, led_sif_pool, serial_park_tiny_1,
          grunt_ministairs_6
D:4:      layout_loops_ring, nemelex_dance_club_becter, serial_shops, shop
D:5:      minmay_recursive_quarters, layout_cave_pods, uniq_sigmund,
          uniq_duvessa
D:6:      layout_layer_cave, mainiacjoe_overflow_six_doors_small, temple_green,
          chequers_serial_rivers_large_a, chequers_serial_rivers_micro_b
D:7:      layout_loops_ring, mainiacjoe_overflow_24_doors,
          overflow_temple_1_default
D:8:      layout_rooms, gammafunk_ghost_berserking_beasts, grunt_decor_cap,
          nicolae_sextant, hellmonk_guarded_unrand_sphere_of_battle, uniq_grum,
          uniq_prince_ribbit1
D:9:      layout_basic
Temple:   eino_temple_scatter_basement

Skill      XL: |  1  2  3  4  5  6  7  8  9 10 |
---------------+-------------------------------+-----
Invocations    | 1 2 3 4 5 6 |  6.3
Fighting       | 1 2 3 5 |  5.7
Long Blades    | 1 2 3 5 |  5.7
Axes           | 1 2 3 5 |  5.7
Maces & Flails | 1 2 3 5 |  5.7
Polearms       | 1 2 3 5 |  5.7
Staves         | 1 2 3 5 |  5.7
Ranged Weapons | 1 2 3 5 |  5.7
Armour         | 1 2 3 5 |  5.7
Unarmed Combat | 1 2 3 5 |  5.7
Spellcasting   | 1 2 3 5 |  5.7
Conjurations   | 1 2 3 4 |  4.7
Hexes          | 1 2 3 4 |  4.7
Summonings     | 1 2 3 4 |  4.7
Necromancy     | 1 2 3 4 |  4.7
Translocations | 1 2 3 4 |  4.7
Transmutations | 1 2 3 4 |  4.7
Fire Magic     | 1 2 3 4 |  4.7
Ice Magic      | 1 2 3 4 |  4.7
Air Magic      | 1 2 3 4 |  4.7
Earth Magic    | 1 2 3 4 |  4.7
Poison Magic   | 1 2 3 4 |  4.7
Dodging        | 3 4 5 6 |  6.3
Evocations     | 3 4 5 6 |  6.3
Stealth        | 3 4 5 6 |  6.2
Short Blades   | 5 6 7 |  7.4
Shields        | 5 6 7 |  7.4
Throwing       | 7 8 |  8.8

Action                     |  1- 3 |  4- 6 |  7- 9 | 10-12 || total
---------------------------+-------+-------+-------+-------++-------
  Melee: Short sword       |    13 |       |       |       ||    13
         Bite              |    11 |    20 |    42 |     9 ||    82
         Spear             |   101 |   247 |   289 |    67 ||   704
  Throw: Dart              |     3 |     2 |    37 |     2 ||    44
         Javelin           |       |       |     4 |       ||     4
   Cast: Sting             |       |       |    47 |     9 ||    56
         Foxfire           |       |       |       |    57 ||    57
  Evoke: Wand              |       |       |     5 |    11 ||    16
    Use: Potion            |       |       |     2 |     2 ||     4
         Scroll            |       |       |       |     8 ||     8
   Stab: Sleeping          |     8 |    12 |     2 |       ||    22
         Confused          |       |     1 |     1 |       ||     2
 Armour: Robe              |    11 |       |       |       ||    11
         Leather armour    |    30 |    67 |    65 |    12 ||   174
  Dodge: Dodged            |    47 |   129 |   151 |    58 ||   385
  Block: Buckler           |    27 |    60 |    70 |    16 ||   173

Table legend: (Time is in decaauts)
 A = Elapsed time spent in this place.
 B = Non-inter-level travel time spent in this place.
 C = Inter-level travel time spent in this place.
 D = Time resting spent in this place.
 E = Time spent auto-exploring this place.
 F = Levels seen in this place.
 G = Mean time per level.
                   A        B        C        D        E       F      G
               +--------+--------+--------+--------+--------+-----+--------+
         Total |  10036 |   9780 |    256 |    669 |   7134 |  10 | 1003.6 |
       Dungeon |   9882 |   9635 |    247 |    669 |   7004 |   9 | 1098.0 |
        Temple |    153 |    145 |      8 |      0 |    130 |   1 |  153.0 |
               +--------+--------+--------+--------+--------+-----+--------+

Top non-repeatable levels by time:
     D:6: 2104 daAuts
     D:5: 1554 daAuts
     D:8: 1291 daAuts
     D:7: 1283 daAuts
     D:1: 1021 daAuts
     D:4: 805 daAuts
     D:2: 778 daAuts
     D:3: 740 daAuts
     D:9: 304 daAuts
  Temple: 153 daAuts
